 Dungeon Crawl Stone Soup version 0.18.1-48-g4cf74bf (console) character file.

432 Kloppie the Blocker (level 6, -9/47 HPs)
             Began as a Demonspawn Fighter on June 26, 2016.
             Was a Follower of Okawaru.
             Killed by divine providence
             ... invoked by an orc priest
              (15 damage)
             ... on level 3 of the Dungeon.
             The game lasted 00:03:52 (2336 turns).

Kloppie the Blocker (Demonspawn Fighter)            Turns: 2336, Time: 00:03:53

Health: -9/47      AC:  8    Str: 20    XL:     6   Next: 67%
Magic:  6/6        EV:  8    Int:  9    God:    Okawaru [*.....]
Gold:   119        SH: 12    Dex: 14    Spells: 0 memorised, 5 levels left

rFire  + . .     SeeInvis .     a - +0 flail
rCold  . . .     Gourm    .     b - +1 scale mail
rNeg   . . .     Faith    .     c - +0 shield
rPois  +         Spirit   .     (no helmet)
rElec  .         Dismiss  .     (no cloak)
rCorr  .         Reflect  .     (no gloves)
SustAt .         Harm     .     (no boots)
MR     .....                    (no amulet)
Stlth  ..........               v - +3 ring of strength
                                k - ring of poison resistance

@: not resistant to hostile enchantments, extremely unstealthy
A: talons 1, demonic guardian 1, fire resistance 1
a: Heroism, Renounce Religion


You were on level 3 of the Dungeon.
You worshipped Okawaru.
Okawaru was aware of your devotion.
You were not hungry.

You visited 1 branch of the dungeon, and saw 3 of its levels.

You collected 119 gold pieces.

Inventory:

Hand Weapons
 a - a +0 flail (weapon)
Armour
 b - a +1 scale mail (worn)
 c - a +0 shield (worn)
Jewellery
 k - a ring of poison resistance (left hand)
 v - a +3 ring of strength (right hand)
Wands
 r - a wand of polymorph (9/24)
Scrolls
 h - a scroll of recharging
 m - 2 scrolls of teleportation
 q - a scroll of remove curse
Potions
 e - a potion of invisibility
 i - a potion of brilliance
 o - 2 potions of lignification {unknown}
 t - a potion of curing {unknown}
Comestibles
 f - a bread ration
 n - a royal jelly
 p - 5 chunks of flesh
 u - a beef jerky


   Skills:
 - Level 3.0 Fighting
 + Level 3.9 Maces & Flails
 + Level 4.6 Armour
 + Level 11.1 Shields


You had 5 spell levels left.
You didn't know any spells.

Dungeon Overview and Level Annotations

Branches:
Dungeon (3/15)

Altars:
Okawaru
Vehumet


Innate Abilities, Weirdness & Mutations

You have sharp toenails.
A weak demonic guardian rushes to your aid.
Your flesh is heat resistant.


Message History

You block the orc's attack.
The orc priest calls down the wrath of Beogh upon you.
Beogh smites you!
* * * LOW HITPOINT WARNING * * *
You block the orc's attack.
You thump the orc!
You kill the orc!
Okawaru accepts your kill.
You hit the orc priest.
You claw the orc priest, but do no damage.
The orc priest is lightly wounded.
You block the orc priest's attack.
You hit the orc priest.
The orc priest is heavily wounded.
You block the orc priest's attack.
You barely miss the orc priest.
The orc priest is heavily wounded.
The orc priest invokes the aid of Beogh against you.
Beogh smites you!
You die...

#.......# *,*
#.####..#######
*,* ***#.*
#........# *,*
,,,..*
#.######.#
*,***** ,*...*
#.# #.# *,,,,,*
,..**** #.# #.#
*****,* ,≈≈≈≈≈*
#.# #.# *,*
+****≈* #.* #5#
*,* ,≈≈≈*** #.*
#@# *,* ,,,≈⌠*
*,* #o# *,*
_,,≈** *,* #g#
*,* ,,,≈⌠* *,*
#.# *****,*
≈≈≈≈** *,*
***#.#****,,,,,*
*⌠*** *,*
*,,...,<**,*****
*********,*
*,,...,,**,*
,,,,,,,,,,*
*,_...,,**,**
***********
*,,,,,,,,,,,*


You could see an orc priest, a goblin and a friendly ufetubus.

Vanquished Creatures
  The ghost of cutebanana the Conjurer, an amateur DECj (D:3)
  A big kobold (D:3)
  3 adders
  A worm (D:2)
  3 dart slugs (D:2)
  2 giant geckos (D:1)
  3 orcs
  A ball python (D:1)
  7 giant cockroaches
  6 goblins
  7 hobgoblins
  3 jackals
  A quokka (D:2)
  5 bats
  A giant newt (D:1)
  3 kobolds
  9 rats
57 creatures vanquished.

Notes
Turn   | Place    | Note
--------------------------------------------------------------
     0 | D:1      | Kloppie the Demonspawn Fighter began the quest for the Orb.
     0 | D:1      | Reached XP level 1. HP: 18/18 MP: 1/1
   416 | D:1      | Gained mutation: Your flesh is heat resistant. [demonic ancestry]
   416 | D:1      | Reached XP level 2. HP: 22/24 MP: 2/2
  1028 | D:2      | Reached XP level 3. HP: 19/29 MP: 3/3
  1464 | D:2      | Found a radiant altar of Vehumet.
  1789 | D:2      | Found an iron altar of Okawaru.
  1871 | D:2      | Became a worshipper of Warmaster Okawaru
  1945 | D:2      | Reached XP level 4. HP: 35/35 MP: 4/4
  2151 | D:3      | Noticed cutebanana's ghost (amateur DECj)
  2165 | D:3      | Killed cutebanana's ghost
  2165 | D:3      | Gained mutation: You have sharp toenails. [demonic ancestry]
  2165 | D:3      | Reached XP level 5. HP: 33/41 MP: 5/5
  2266 | D:3      | Reached skill level 11 in Shields
  2266 | D:3      | Gained mutation: A weak demonic guardian rushes to your aid. [demonic ancestry]
  2266 | D:3      | Reached XP level 6. HP: 47/47 MP: 6/6
  2274 | D:3      | Reached * piety under Okawaru
  2336 | D:3      | Killed from afar by an orc priest

Skill      XL: |  1  2  3  4  5 |
---------------+----------------+-----
Maces & Flails | 2 3 |  3.9
Armour         | 3 4 |  4.6
Shields        | 11 | 11.1
Fighting       | |  3.0

Action                   |  1- 3 |  4- 6 || total
-------------------------+-------+-------++-------
Melee: Flail             |   152 |    66 ||   218
       Kick              |       |    11 ||    11
  Use: Potion            |       |     2 ||     2
       Scroll            |       |     9 ||     9
 Stab: Distracted        |       |     1 ||     1
  Eat: Chunk             |     3 |     2 ||     5
Armor: Scale mail        |    77 |    36 ||   113
Dodge: Dodged            |    85 |    31 ||   116
Block: Shield            |       |    13 ||    13
